 Dungeon Crawl Stone Soup version 0.31-a0-963-ga325b2283a (webtiles) character file.

Game seed: 15052008064171172508

3646 MacCMillion the Grappler (level 10, -5/68 HPs)
             Began as an Octopode Shapeshifter on Oct 25, 2023.
             Was an Initiate of Gozag.
             Slain by a yak (10 damage)
             ... on level 8 of the Dungeon.
             The game lasted 00:11:14 (7693 turns).

MacCMillion the Grappler (Octopode Shapeshifter)    Turns: 7693, Time: 00:11:15

Health: -5/68      AC:  1    Str: 23    XL:     10   Next: 12%
Magic:  10/10      EV: 15    Int: 12    God:    Gozag
Gold:   497        SH:  0    Dex: 13    Spells: 9/9 levels left

rFire   . .          .
                       - Unarmed
rCold   . . .        (no shield)
rNeg    . . .        (helmet currently unavailable)
rPois   .            n - amulet of regeneration
rElec   .            l - +6 ring of strength
rCorr   .            (no ring)
SInv    .            (no ring)
Will    .....        (no ring)
Stlth   ++           (no ring)
HPRegen 1.11/turn    (no ring)
MPRegen 0.12/turn    (no ring)
                     (no ring)

%: no passive effects
@: beast-form, gold aura
A: beast (slay +4), almost no armour, amphibious, 8 rings, camouflage 1,
gelatinous body 1, (nimble swimmer 1), tentacles
a: Begin Untransformation, Renounce Religion, Potion Petition, Call Merchant,
Bribe Branch


You were on level 8 of the Dungeon.
You worshipped Gozag.
Gozag was aware of your devotion.
You were a hulking beast.
You visited 1 branch of the dungeon, and saw 8 of its levels.

You collected 568 gold pieces.
You paid 71 gold pieces to Gozag.

Inventory:

Missiles
 q - a throwing net
Jewellery
 l - a +6 ring of strength (left tentacle)
 n - an amulet of regeneration (around mantle)
 u - an amulet of faith
Talismans
 b - a beast talisman
 c - a flux talisman
 C - a serpent talisman
Wands
 r - a wand of flame (21)
 y - a wand of light (5)
Scrolls
 e - a scroll of vulnerability
 f - 10 scrolls of teleportation
 j - 3 scrolls of immolation
 p - a scroll of fog
 v - 3 scrolls of poison
 w - a scroll of noise
 x - a scroll of blinking
 A - 2 scrolls of revelation {unknown}
 B - a scroll of fear {unknown}
Potions
 a - 4 potions of lignification
 d - a potion of enlightenment
 g - a potion of mutation
 h - 3 potions of curing
 k - 3 potions of brilliance
 m - 2 potions of might
 o - a potion of berserk rage {unknown}
 s - a potion of resistance {unknown}
 t - a potion of attraction {unknown}
 z - a potion of haste {unknown}


   Skills:
 - Level 6.0 Fighting
 - Level 6.2 Dodging
 - Level 9.1 Unarmed Combat
 * Level 7.6 Shapeshifting


You had 9 spell levels left.
You didn't know any spells.
Your spell library contained the following spells:

 Spells                   Type           Power      Damage    Failure   Level
 Magic Dart               Conj           0%         1d3       32%         1
 Call Imp                 Summ           0%         N/A       45%         2
 Mephitic Cloud           Conj/Pois/Air  0%         N/A       69%         3


Dungeon Overview and Level Annotations

Branches:
Dungeon (8/15)             Temple (0/1) D:7
   Lair: D:8-11

Altars:
Ashenzari
Elyvilon
Gozag
Nemelex Xobeh
Ru
Sif Muna
Xom
Zin

Shops:
D:2 (   D:3 [

Annotations:
D:2 Terence
D:4 Dowan, Duvessa, Edmund
D:6 1 transporter, Jeremiah
D:8 exclusion: orange crystal statue


Innate Abilities, Weirdness & Mutations

You are a hulking beast.
Your limbs bulge with bestial killing power. (Slay +4)
You cannot wear most types of armour.
You are amphibious.
You can wear up to eight rings at the same time.
Your skin changes colour to match your surroundings (Stealth+).
Your rubbery body absorbs attacks. (AC +1, EV +1)
((You are camouflaged when in or above water. (Stealth+)))
You have tentacles for arms and can constrict up to eight enemies at once.


Message History

The yak barely misses you.
You batter the yak!!
The yak is severely wounded.
The yak closely misses you.
You tentacle-slap the yak. You squeeze the yak.
The yak is almost dead.
You tentacle-slap the yak. You squeeze the yak.
The yak is moderately wounded.
You bludgeon the yak!
The yak is severely wounded.
The yak misses you.
You tentacle-slap the yak. You tentacle-slap the yak!
You kill the yak!
Your life force feels restored.
The yak misses you. x2
You see here 18 gold pieces.
You barely miss the yak.
The yak is almost dead.
The yak gores you! x2
You are too injured to fight recklessly!
You are too injured to fight recklessly!
The yak attacks as it pursues you! The yak gores you!!
* * * LOW HITPOINT WARNING * * *
There is a stone staircase leading down, spattered with blood here.
You are too injured to fight recklessly!
You are too injured to fight recklessly!
You bludgeon the yak!
The yak is moderately wounded.
The yak barely misses you.
You bludgeon the yak! You squeeze the yak!
The yak is severely wounded.
The yak gores you!
* * * LOW HITPOINT WARNING * * *
You tentacle-slap the yak. You squeeze the yak.
You kill the yak!
You barely miss the yak. Your squeeze misses the yak.
The yak is almost dead.
The yak gores you!
You die...
Your body crumbles into a pile of gold.

###....######......
#....#.# #.####.
#.####.######.#####
#.# #..............
#.# #..######.#####
#.###...## #.#
#.##.....# #.#
#.##.....# #.#
#.hY.....#
####....## #.####
#.# #.# #.# #.# #.#
#.#


You could see a yak.

Vanquished Creatures
  A hornet (D:7)
  Grinder (D:4)
  2 yaks (D:8)
  4 vampire mosquitoes (D:7)
  A water moccasin (D:5)
  2 orc warriors (D:7)
  An ogre (D:5)
  A centaur (D:7)
  2 phantoms
  2 kobold brigands
  5 bullfrogs
  2 scorpions (D:5)
  A gnoll sergeant (D:5)
  2 water moccasin zombies (D:4)
  2 wights (D:8)
  3 electric eels (D:8)
  2 howler monkeys
  2 jellies
  2 centaur zombies (D:4)
  An orc priest (D:7)
  4 hounds
  A sleepcap (D:6)
  A scorpion zombie (D:4)
  4 iguanas (D:5)
  Natasha (thrice) (D:2)
  2 orc wizards (D:7)
  2 hound zombies (D:4)
  A howler monkey zombie (D:4)
  Robin (D:1)
  8 adders
  3 gnolls (D:5)
  A white imp (D:5)
  3 adder zombies (D:4)
  An adder skeleton (D:4)
  2 worms
  4 dart slugs
  15 orcs
  4 ball pythons
  5 endoplasms
  2 giant cockroaches
  10 goblins
  9 hobgoblins
  7 jackals
  3 quokkas
  8 bats
  3 frilled lizards
  9 kobolds
  A quokka zombie (D:4)
  9 rats
165 creatures vanquished.

Notes
Turn   | Place    | Note
-------+----------+-------------------------------------------
     0 | D:1      | MacCMillion the Octopode Shapeshifter began the quest for
                  | the Orb.
     0 | D:1      | Reached XP level 1. HP: 13/13 MP: 1/1
   167 | D:1      | Reached XP level 2. HP: 16/18 MP: 2/2
   397 | D:1      | Reached XP level 3. HP: 22/23 MP: 3/3
   640 | D:2      | Found Gugiec's Weapon Shoppe.
   808 | D:2      | Noticed Natasha
   812 | D:2      | Killed Natasha
   813 | D:2      | Reached XP level 4. HP: 27/29 MP: 4/4
   818 | D:2      | Noticed Robin
   856 | D:1      | Killed Robin
   857 | D:1      | Reached skill level 4 in Unarmed Combat
  1349 | D:2      | Noticed Terence
  1562 | D:2      | Noticed Natasha
  1566 | D:2      | Killed Natasha
  1567 | D:2      | Reached XP level 5. HP: 29/34 MP: 5/5
  1686 | D:2      | Noticed Natasha
  1691 | D:2      | Killed Natasha
  2107 | D:3      | Found a glowing silver altar of Zin.
  2269 | D:3      | Found Gozxiq's Antique Armour Emporium.
  2501 | D:4      | Noticed a phantom
  2525 | D:4      | Killed a phantom
  2526 | D:4      | Reached XP level 6. HP: 8/41 MP: 6/6
  2698 | D:4      | Noticed Edmund
  2752 | D:4      | Noticed Dowan
  2815 | D:4      | Reached skill level 5 in Unarmed Combat
  2825 | D:4      | Noticed Grinder
  2839 | D:4      | Killed Grinder
  2840 | D:4      | Reached XP level 7. HP: 21/46 MP: 7/7
  2925 | D:4      | Found a shimmering altar of Xom.
  3176 | D:4      | Reached skill level 6 in Unarmed Combat
  3226 | D:4      | Noticed Duvessa
  3448 | D:5      | Entered Level 5 of the Dungeon
  3452 | D:5      | Found a shimmering blue altar of Sif Muna.
  3515 | D:5      | Reached XP level 8. HP: 42/54 MP: 8/8
  3789 | D:5      | Found a sacrificial altar of Ru.
  3932 | D:5      | Reached skill level 7 in Unarmed Combat
  3932 | D:5      | Reached skill level 5 in Shapeshifting
  4119 | D:5      | Found a white marble altar of Elyvilon.
  4143 | D:5      | Found an opulent altar of Gozag.
  4159 | D:5      | Reached skill level 5 in Dodging
  4293 | D:5      | Became a worshipper of Gozag Ym Sagoz the Greedy
  4646 | D:6      | Noticed Jeremiah
  4789 | D:6      | Identified the +0 dagger "Faonk" {antimagic, +Blink}
  5008 | D:6      | Reached skill level 5 in Fighting
  5008 | D:6      | Reached XP level 9. HP: 47/61 MP: 9/9
  5121 | D:6      | Found a sparkling altar of Nemelex Xobeh.
  5121 | D:6      | Found a transporter.
  5121 | D:6      | Noticed a cyclops
  5122 | D:6      | Noticed a two-headed ogre
  5547 | D:7      | Noticed a hornet
  5556 | D:7      | Paralysed by a hornet for 1 turns
  5561 | D:7      | Killed a hornet
  5562 | D:7      | Reached skill level 8 in Unarmed Combat
  5706 | D:7      | Identified the +1 leather armour of Votuw {rF++ rC-}
  5811 | D:7      | Found a broken altar of Ashenzari.
  6338 | D:7      | Found a staircase to the Ecumenical Temple.
  6519 | D:7      | Reached skill level 9 in Unarmed Combat
  7365 | D:8      | Noticed an orange crystal statue
  7478 | D:8      | Reached XP level 10. HP: 68/68 MP: 10/10
  7691 | D:8      | HP: 3/68 [yak (16)]
  7693 | D:8      | Slain by a yak

Illustrated notes

Levels and vault maps discovered:
D:1:      roderic_crop_circles_arrival_small, layout_basic
D:2:      layout_basic, serial_shops, shop, uniq_terence, uniq_robin,
          uniq_natasha
D:3:      layout_rooms, mainiacjoe_overflow_surrounded_room, serial_shops,
          nicolae_shop_tiny_waterfront
D:4:      layout_loops_ring, old_standard_altar, serial_undead, serial_undead_f,
          serial_undead_f, serial_undead_a, serial_undead_e, uniq_edmund,
          uniq_duvessa, uniq_grinder
D:5:      layout_cave_pools, mainiacjoe_overflow_two_lobes,
          mainiacjoe_overflow_concentric_impassable, hangedman_ru_absence,
          minmay_fractal_squares_diagonal_5
D:6:      layout_basic, grunt_nemelex_the_gamble, uniq_jeremiah
D:7:      layout_loops_ring, lemuel_crystal_altar,
          minmay_temple_entry_steel_oval
D:8:      statuecave_lemuel, layout_loops_ring

Skill      XL: |  1  2  3  4  5  6  7  8  9 10 |
---------------+-------------------------------+-----
Fighting       | 2 3 5 6 |  6.0
Unarmed Combat | 4 5 6 7 9 |  9.1
Dodging        | 3 4 5 6 |  6.2
Shapeshifting  | 4 5 6 7 |  7.6

Action                     |  1- 3 |  4- 6 |  7- 9 | 10-12 || total
---------------------------+-------+-------+-------+-------++-------
  Melee: Unarmed           |    57 |   113 |   172 |    17 ||   359
         Constrict         |    16 |    29 |    48 |     2 ||    95
         Tentacles         |     8 |    28 |    44 |     6 ||    86
         Punch             |     2 |     5 |    10 |     1 ||    18
  Throw: Throwing net      |       |       |     1 |       ||     1
  Evoke: Wand              |       |       |    11 |       ||    11
    Use: Scroll            |       |       |    11 |       ||    11
         Potion            |       |       |     1 |       ||     1
   Stab: Sleeping          |     7 |     5 |     4 |       ||    16
         Held in net/web   |       |       |     1 |       ||     1
 Armour: Skin              |    11 |    50 |    87 |     9 ||   157
  Dodge: Dodged            |    40 |    58 |    84 |     6 ||   188

Table legend: (Time is in decaauts)
 A = Elapsed time spent in this place.
 B = Non-inter-level travel time spent in this place.
 C = Inter-level travel time spent in this place.
 D = Time resting spent in this place.
 E = Time spent auto-exploring this place.
 F = Levels seen in this place.
 G = Mean time per level.
                   A        B        C        D        E       F      G
               +--------+--------+--------+--------+--------+-----+--------+
         Total |   7667 |   7167 |    500 |   1443 |   4361 |   8 |  958.4 |
       Dungeon |   7667 |   7167 |    500 |   1443 |   4361 |   8 |  958.4 |
               +--------+--------+--------+--------+--------+-----+--------+

Top non-repeatable levels by time:
     D:7: 1252 daAuts
     D:4: 1122 daAuts
     D:6: 1098 daAuts
     D:5: 986 daAuts
     D:1: 981 daAuts
     D:2: 979 daAuts
     D:8: 732 daAuts
     D:3: 514 daAuts
